Map: 2000 Atmospheres LE

Players

DnS - Winner!

  • Race: Protoss Protoss
  • League: Master

Denver

  • Race: Zerg Zerg
  • League: Master

Event: DreamHack SC2 Masters 2021 Summer

VOD

Have the link to the VOD?

Description

Time

  • Played on: May 23, 2021, 11:35 a.m.
  • Length: 9:37

All games in this series

Show
View Real Time Build Order
Export as new Build Order

DnS Protoss - Winner!

Build Orders: 1 Gate Expand, Zealot Archon 

Get SALT Encoding   

  12  0:00  Probe  
  13  0:12  Probe  
  14  0:19  Pylon  
  14  0:24  Probe  
  15  0:37  Probe (Chrono Boost)  
  16  0:43  Gateway  
  16  0:47  Probe (Chrono Boost)  
  17  0:50  Assimilator  
  17  0:52  Probe (Chrono Boost)  
  18  1:03  Probe  
  19  1:15  Probe  
  20  1:27  Nexus  
  20  1:37  Cybernetics Core  
  20  1:40  Probe  
  21  1:48  Assimilator  
  21  1:52  Probe  
  22  1:56  Pylon  
  22  2:04  Probe (Chrono Boost)  
  23  2:11  Adept (Chrono Boost)  
  23  2:15  Warp Gate  
  25  2:16  Probe (Chrono Boost)  
  26  2:25  Probe (Chrono Boost)  
  26  2:27  Stargate  
  27  2:31  Probe (Chrono Boost)  
  27  2:34  Adept  
  30  2:40  Probe (Chrono Boost)  
  32  2:49  Probe (Chrono Boost)  
  32  2:50  Probe (Chrono Boost)  
  33  2:55  Probe x2 (Chrono Boost)  
  35  3:01  Void Ray (Chrono Boost)  
  35  3:06  Probe  
  35  3:07  Probe  
  41  3:15  Gateway  
  41  3:18  Pylon  
  41  3:19  Probe  
  42  3:20  Probe  
  42  3:24  Adept  
  45  3:31  Probe  
  46  3:34  Assimilator  
  46  3:36  Probe, Assimilator  
  46  3:37  Pylon  
  47  3:45  Probe (Chrono Boost)  
  52  3:52  Probe (Chrono Boost)  
  50  3:57  Probe (Chrono Boost)  
  50  3:58  Stargate  
  51  4:03  Probe x2 (Chrono Boost)  
  51  4:06  Fleet Beacon  
  52  4:12  Probe x2  
  54  4:24  Probe  
  54  4:28  Probe  
  54  4:31  Pylon  
  56  4:36  Probe  
  57  4:38  Nexus  
  57  4:42  Probe  
  57  4:43  Pylon  
  58  4:47  Tempest (Chrono Boost)  
  58  4:49  Tempest (Chrono Boost)  
  68  4:58  Probe x2  
  70  5:02  Forge  
  70  5:03  Pylon  
  70  5:07  Flux Vanes  
  70  5:10  Probe x2  
  72  5:17  Void Ray  
  72  5:19  Void Ray  
  72  5:22  Probe  
  72  5:25  Probe  
  82  5:34  Probe  
  83  5:36  Shield Battery  
  83  5:39  Twilight Council  
  83  5:41  Robotics Facility  
  83  5:44  Adept  
  85  5:53  Probe, Zealot  
  85  5:54  Probe x2  
  85  5:55  Void Ray  
  88  6:05  Probe  
  88  6:06  Probe  
  88  6:07  Probe  
  88  6:10  Pylon  
  91  6:12  Void Ray  
  91  6:13  Shield Battery  
  91  6:14  Charge  
  91  6:18  Probe x2, Protoss Ground Weapons Level 1 (Chrono Boost)  
  97  6:19  Probe  
  97  6:25  Assimilator x2  
  98  6:27  Pylon  
  98  6:29  Zealot  
  98  6:30  Probe  
  98  6:31  Probe x2  
  103  6:37  Pylon  
  103  6:42  Probe  
  103  6:43  Probe  
  105  6:52  Gateway, Void Ray  
  105  6:53  Gateway  
  109  6:54  Gateway, Immortal  
  109  6:56  Gateway  
  109  6:57  Void Ray  
  115  7:11  Photon Cannon  
  115  7:16  Templar Archives  
  115  7:21  Gateway  
  115  7:25  Gateway  
  115  7:26  Gateway  
  115  7:31  Pylon  
  115  7:32  Gateway  
  115  7:33  Gateway  
  115  7:36  Void Ray (Chrono Boost), Immortal  
  114  7:39  Void Ray (Chrono Boost)  
  114  7:42  Gateway, Pylon  
  122  7:54  High Templar x2, Pylon  
  122  7:58  Archon, Pylon  
  127  8:08  Zealot x4  
  134  8:13  Pylon  
  134  8:15  Warp Prism  
  136  8:23  High Templar x2  
  140  8:28  Archon  
  140  8:29  Pylon x2  
  140  8:30  Pylon  
  140  8:33  Zealot x2  
  140  8:34  Zealot x3  
  149  8:42  Pylon  
  149  8:44  High Templar  
  149  8:45  High Templar, Zealot  
  155  8:49  Archon  
  153  8:56  Nexus  
  153  8:58  Pylon  
  153  8:59  High Templar x2  
  157  9:04  Archon  
  157  9:06  Zealot x2  
  157  9:07  Zealot  
  163  9:10  Zealot  
  163  9:11  Zealot x2  
  167  9:18  Zealot x2  
  163  9:30  High Templar x2  
  163  9:31  Zealot x4  
Show
View Real Time Build Order
Export as new Build Order

Denver Zerg 

Build Orders: Hatch First 

Get SALT Encoding   

  12  0:00  Drone  
  13  0:12  Overlord  
  13  0:16  Drone  
  14  0:30  Drone  
  14  0:31  Drone  
  16  0:48  Hatchery  
  15  0:52  Drone  
  15  0:56  Drone  
  17  0:59  Drone  
  18  1:10  Extractor  
  17  1:15  Spawning Pool  
  17  1:17  Drone  
  17  1:22  Drone  
  18  1:28  Drone  
  19  1:39  Drone  
  20  1:49  Overlord  
  20  2:02  Queen x2  
  20  2:03  Zergling x2  
  20  2:05  Zergling x2  
  26  2:12  Metabolic Boost  
  26  2:14  Drone  
  27  2:19  Drone  
  27  2:22  Drone  
  29  2:23  Drone  
  30  2:41  Hatchery  
  30  2:43  Drone x2  
  31  2:48  Overlord  
  31  2:51  Drone  
  32  2:56  Drone x2  
  34  3:01  Queen  
  35  3:07  Drone x2  
  35  3:12  Drone  
  38  3:13  Drone x2  
  38  3:18  Overlord  
  40  3:22  Queen  
  40  3:27  Spore Crawler  
  41  3:28  Drone  
  41  3:32  Overlord  
  42  3:35  Zergling x2  
  42  3:37  Drone  
  44  3:42  Overlord  
  44  3:45  Drone x2  
  44  3:46  Drone  
  47  3:50  Spore Crawler  
  47  3:54  Zergling x6  
  49  4:00  Queen  
  51  4:03  Drone x2  
  53  4:12  Drone x2  
  53  4:15  Drone x5  
  60  4:20  Overlord  
  60  4:23  Spore Crawler  
  59  4:26  Drone x4  
  59  4:29  Overlord  
  63  4:35  Queen  
  64  4:40  Spore Crawler  
  64  4:43  Drone x3  
  64  4:44  Lair  
  65  4:51  Drone  
  66  4:52  Roach Warren  
  66  4:53  Drone x2  
  66  4:56  Zergling x4  
  66  4:57  Drone x2  
  66  4:59  Drone x2  
  73  5:02  Extractor  
  73  5:05  Extractor, Drone  
  73  5:06  Drone x3  
  75  5:09  Zergling x2  
  75  5:11  Overlord  
  75  5:12  Evolution Chamber  
  75  5:15  Overlord  
  75  5:23  Zergling x10  
  75  5:24  Drone  
  75  5:25  Drone  
  75  5:26  Extractor  
  81  5:29  Extractor, Queen  
  81  5:32  Overlord  
  82  5:36  Overlord  
  82  5:38  Drone x2  
  82  5:39  Drone x2  
  82  5:42  Queen  
  88  5:47  Spire  
  85  5:57  Drone x8  
  85  6:00  Queen  
  90  6:05  Drone x2  
  90  6:10  Drone x4  
  91  6:19  Drone x4  
  91  6:25  Hatchery  
  93  6:26  Drone x3  
  93  6:28  Overlord  
  93  6:31  Extractor, Drone  
  96  6:38  Drone  
  96  6:39  Drone  
  97  6:45  Drone  
  97  6:48  Queen  
  100  6:56  Hatchery  
  100  7:01  Corruptor x7  
  100  7:02  Hatchery  
  100  7:03  Overlord  
  100  7:05  Pneumatized Carapace, Overseer  
  100  7:07  Zerg Flyer Weapons Level 1  
  111  7:11  Drone x4  
  114  7:16  Drone x2, Baneling Nest  
  114  7:21  Drone  
  114  7:22  Drone x2  
  118  7:28  Infestation Pit, Overlord  
  117  7:37  Drone x9  
  117  7:44  Extractor  
  125  7:52  Drone  
  125  7:53  Hatchery  
  125  7:56  Roach x5  
  125  7:58  Overlord x2  
  135  8:03  Spore Crawler  
  134  8:06  Overlord  
  134  8:08  Hive  
  134  8:11  Overlord  
  134  8:13  Centrifical Hooks  
  134  8:22  Corruptor x2  
  134  8:23  Corruptor x2  
  142  8:31  Roach x5  
  152  8:36  Corruptor  
  152  8:38  Overlord  
  152  8:40  Overlord  
  153  8:44  Extractor  
  153  8:46  Zergling x12  
  157  8:53  Overlord  
  157  8:54  Ravager x3, Overlord  
  157  8:55  Overlord  
  159  8:58  Corruptor x2  
  163  9:05  Ravager x2  
  163  9:06  Zergling x16  
  163  9:07  Baneling x3  
  163  9:08  Baneling  
Tags
 
Add a new tag
Caveats
  • Supply blocks, unpowered buildings, or Contaminate may cause inaccurate times.
  • Supply counts are checked every 10 seconds.